 Dungeon Crawl Stone Soup version 0.31.0-12-g77e489cdc1 (webtiles) character file.

Game seed: 7815353906936937759

2359 KKCryptic the Cleaver (level 9, -7/66 HPs)
             Began as a Minotaur Fighter on Mar 2, 2024.
             Was a Believer of Ru.
             Mangled by an orc warrior
             ... wielding a +0 glaive
              (24 damage)
             ... on level 7 of the Dungeon.
             The game lasted 00:14:08 (5045 turns).

KKCryptic the Cleaver (Minotaur Fighter)            Turns: 5045, Time: 00:14:08

Health: -7/66      AC: 16    Str: 25    XL:     9   Next: 20%
Magic:  8/8        EV: 10    Int:  5    God:    Ru [**....]
Gold:   129        SH:  5    Dex: 10    Spells: 8/8 levels left

rFire   . . .        a - +0 war axe
rCold   . . .        c - +0 buckler
rNeg    . . .        y - +4 chain mail
rPois   .            (helmet restricted)
rElec   .            (no cloak)
rCorr   .            r - +0 pair of gloves
SInv    .            k - +0 pair of boots
Will    .....        m - amulet of faith Stlth
                     (no ring)
HPRegen 0.31/turn    (no ring)
MPRegen 0.11/turn

%: faith
@: no status effects
A: horns 2, frail 1, retaliatory headbutt, no forms
a: Renounce Religion


You were on level 7 of the Dungeon.
You worshipped Ru.
Ru was pleased with you.
You visited 2 branches of the dungeon, and saw 8 of its levels.

You collected 342 gold pieces.
You spent 213 gold pieces at shops.

Inventory:

Hand Weapons
 a - a +0 war axe (weapon)
Missiles
 u - 4 boomerangs (quivered)
 G - 4 curare-tipped darts
Armour
 c - a +0 buckler (worn)
 k - a +0 pair of boots (worn)
 r - a +0 pair of gloves (worn)
 y - a +4 chain mail (worn)
Jewellery
 m - an amulet of faith (around neck)
 C - an amulet of regeneration
Wands
 b - a wand of iceblast (25)
 e - a wand of digging (5)
 s - a wand of paralysis (10)
Scrolls
 f - 2 scrolls of blinking {unknown}
 g - 2 scrolls of enchant weapon
 h - 9 scrolls of teleportation
 j - 2 scrolls of fear {unknown}
 p - a scroll of silence {unknown}
 q - 2 scrolls of enchant armour {unknown}
 w - a scroll of noise {unknown}
 A - a scroll of amnesia {unknown}
 D - a scroll of immolation {unknown}
 E - a scroll of vulnerability {unknown}
 F - a scroll of torment {unknown}
Potions
 d - 2 potions of might
 i - 2 potions of curing
 l - 2 potions of mutation
 n - 2 potions of enlightenment
 o - 2 potions of heal wounds
 t - a potion of lignification
 v - a potion of invisibility
 x - a potion of cancellation {unknown}
 B - a potion of degeneration {unknown}


   Skills:
 - Level 5.0 Fighting
 + Level 9.4 Axes
 + Level 4.3 Throwing
 - Level 5.0 Armour
 - Level 5.0 Dodging
 - Level 5.0 Shields
 + Level 4.4 Evocations


You had 8 spell levels left.
You didn't know any spells.
Your spell library contained the following spells:

 Spells                   Type           Power      Damage    Failure   Level
 Magic Dart               Conj           0%         1d3       97%         1
 Searing Ray              Conj           0%         2d4       99%         2
 Static Discharge         Conj/Air       0%         3-3/arc   99%         2
 Inner Flame              Hex/Fire       0%         N/A       100%        3
 Tukima's Dance           Hex            0%         N/A       100%        3
 Airstrike                Air            0%         2d(0-16)  100%        4
 Flame Wave               Conj/Fire      0%         2d4       100%        4
 Fulminant Prism          Conj/Alch      0%         3d5       100%        4
 Passage of Golubria      Tloc           0%         N/A       100%        4
 Sticky Flame             Fire/Alch      0%         2d4       100%        4
 Summon Lightning Spire   Summ/Air       0%         N/A       100%        4
 Yara's Violent Unravell  Hex/Alch       0%         3d3       100%        5


Dungeon Overview and Level Annotations

Branches:
Dungeon (7/15)             Temple (1/1) D:6

Altars:
Ashenzari
Cheibriados
Dithmenos
Elyvilon
Fedhas
Gozag
Hepliaklqana
Kikubaaqudgha
Makhleb
Nemelex Xobeh
Okawaru
Qazlal
Ru
Sif Muna
Trog
Vehumet
Wu Jian
Xom
Yredelemnul
Zin
The Shining One

Shops:
D:3 ?:*


Innate Abilities, Weirdness & Mutations

You have a pair of horns on your head.
You are frail. (-10% HP)
You reflexively headbutt those who attack you in melee.
You cannot voluntarily change form.


Message History

The orc warrior hits you from afar with a +0 glaive!
Throw: dart (datura)
Press: ? - help, Shift-Dir - straight line, f/p - orc warrior
Aim: an orc warrior, wielding a +0 glaive and wearing a +0 plate armour (57% to hit, chance to frenzy on hit: 67%)
You throw a datura-tipped dart.
The datura-tipped dart hits the orc warrior!
The orc warrior flies into a frenzy!
The orc warrior hits something with a +0 glaive!!
You feel a bit more experienced.
The orc warrior barely misses something.
Something hits the orc warrior but does no damage.
The orc warrior hits something with a +0 glaive!
You feel a bit more experienced.
The orc warrior hits something from afar with a +0 glaive!!
You feel a bit more experienced.
The orc warrior hits you from afar with a +0 glaive!
The orc warrior hits you but does no damage.
You closely miss the orc warrior. Your headbutt misses the orc warrior.
The orc warrior misses you.
The orc warrior hits you with a +0 glaive!
You slash the orc warrior! Your headbutt misses the orc warrior.
The orc warrior is heavily wounded.
The orc warrior barely misses you.
You closely miss the orc warrior.
The orc warrior is heavily wounded.
The orc warrior hits you with a +0 glaive.
You block the orc warrior's attack.
You barely miss the orc warrior.
The orc warrior is heavily wounded.
The orc warrior hits you with a +0 glaive.
You hit the orc warrior but do no damage.
You headbutt the orc warrior.
The orc warrior is heavily wounded.
The orc warrior hits you with a +0 glaive!
* * * LOW HITPOINT WARNING * * *
The orc warrior barely misses you.
You closely miss the orc warrior.
The orc warrior is heavily wounded.
The orc warrior hits you with a +0 glaive!!
You die...

..#.# ..#.#
.... #. ... #.
### oo ....# #.
#.# .# #...# #.
#.#.##(# #...##
#. #.#.@o.#
#....# #.
#.#.####
#....####.
#.#.#
#...<.....
#.#.#
#...#####.
#.#.#
#.........
#.#.####.#
#..######.
#........#
#.........
#.######.#
##.######.
#.###########.#
#.


You could see a neutral orc warrior (fast, strong, frenzied).

Vanquished Creatures
  A wyvern (D:6)
  A steam dragon (D:6)
  A water moccasin (D:5)
  An orc warrior (D:7)
  An ice beast (D:5)
  A sky beast (D:7)
  2 black bears (D:5)
  An ogre (D:5)
  3 phantoms
  3 bullfrogs
  3 scorpions (D:5)
  3 wights (D:7)
  A bombardier beetle (D:3)
  4 hounds
  3 jellies
  3 iguanas
  A sleepcap (D:5)
  4 orc wizards
  Ijyb (D:5)
  3 gnolls (D:5)
  5 adders
  A shadow imp (D:7)
  4 ufetubi
  3 dart slugs
  2 ribbon worms
  15 orcs
  4 ball pythons
  6 endoplasms
  3 giant cockroaches
  10 goblins
  4 hobgoblins
  5 quokkas
  A bat (D:2)
  2 frilled lizards (D:1)
  3 kobolds
  2 rats
111 creatures vanquished.

Vanquished Creatures (collateral kills)
  An orc priest (D:7)
  2 orcs (D:7)
3 creatures vanquished.

Grand Total: 114 creatures vanquished

Notes
Turn   | Place    | Note
-------+----------+-------------------------------------------
     0 | D:1      | KKCryptic the Minotaur Fighter began the quest for the Orb.
     0 | D:1      | Reached XP level 1. HP: 19/19 MP: 0/0
   102 | D:1      | Reached XP level 2. HP: 24/27 MP: 1/1
   454 | D:1      | Reached skill level 3 in Axes
   659 | D:2      | Reached XP level 3. HP: 27/33 MP: 2/2
   718 | D:2      | Noticed a phantom
   727 | D:2      | Killed a phantom
   728 | D:2      | Reached skill level 5 in Axes
   728 | D:2      | Reached XP level 4. HP: 29/40 MP: 3/3
  1169 | D:3      | Found Kycsen's Book Emporium.
  1219 | D:3      | Found Gilianos's General Store.
  1227 | D:3      | Bought a potion of heal wounds for 50 gold pieces
  1227 | D:3      | Bought a scroll of enchant weapon for 75 gold pieces
  1293 | D:3      | Reached XP level 5. HP: 46/46 MP: 4/4
  1337 | D:3      | Reached skill level 6 in Axes
  1393 | D:3      | Found Xuereo Gawyr's Magic Scroll Emporium.
  1409 | D:3      | Found a sacrificial altar of Ru.
  1518 | D:3      | Became a worshipper of Ru the Awakened
  1628 | D:4      | Found a snail-covered altar of Cheibriados.
  1629 | D:4      | Found a stormy altar of Qazlal.
  1865 | D:4      | Reached skill level 7 in Axes
  1865 | D:4      | Reached XP level 6. HP: 52/52 MP: 5/5
  1991 | D:4      | Reached skill level 1 in Dodging
  2346 | D:5      | Entered Level 5 of the Dungeon
  2351 | D:5      | Reached skill level 1 in Evocations
  2367 | D:5      | Reached XP level 7. HP: 50/60 MP: 6/6
  2869 | D:5      | Noticed Ijyb
  2872 | D:5      | Reached skill level 5 in Armour
  2885 | D:5      | Killed Ijyb
  2886 | D:5      | Reached skill level 5 in Fighting
  2890 | D:5      | Gained mutation: You cannot voluntarily change form. [Ru
                  | sacrifice]
  3104 | D:5      | Reached skill level 1 in Throwing
  3104 | D:5      | Reached skill level 5 in Shields
  3136 | D:5      | Reached skill level 8 in Axes
  3136 | D:5      | Reached XP level 8. HP: 55/68 MP: 7/7
  3517 | D:3      | Bought a scroll of teleportation for 33 gold pieces
  3517 | D:3      | Bought a scroll of identify for 22 gold pieces
  3517 | D:3      | Bought a scroll of teleportation for 33 gold pieces
  3606 | D:6      | Found a broken altar of Ashenzari.
  3885 | D:6      | Found a staircase to the Ecumenical Temple.
  3902 | Temple   | Entered the Ecumenical Temple
  4092 | D:6      | Reached skill level 9 in Axes
  4467 | D:7      | Reached XP level 9. HP: 58/74 MP: 8/8
  4598 | D:7      | Reached skill level 5 in Dodging
  4699 | D:7      | Gained mutation: You are frail. (-10% HP) [Ru sacrifice]
  4699 | D:7      | Reached * piety under Ru
  4699 | D:7      | Reached ** piety under Ru
  5045 | D:7      | Mangled by an orc warrior

Illustrated notes

Levels and vault maps discovered:
D:1:      sevenhm_arrival_forest_fort_large_2, layout_rooms,
          chequers_serial_rivers_room_b
D:2:      layout_loops_cross
D:3:      minmay_general_purpose_star, layout_loops_cross,
          mainiacjoe_overflow_surrounded_room, serial_shops, shop,
          nicolae_shop_real_fake_doors, nicolae_shop_tiny_glass,
          nicolae_shop_competitors_out_of_business, uniq_jessica
D:4:      layout_loops_ring, mainiacjoe_overflow_divided_tiny
D:5:      layout_basic, grunt_tough_drop, uniq_ijyb
D:6:      layout_loops_ring, mainiacjoe_overflow_chevrons,
          minmay_temple_entry_tees, minmay_misc_feat_tiny, kennysheep_doodads
D:7:      layout_basic
Temple:   minmay_crystal_spiral_temple

Skill      XL: |  1  2  3  4  5  6  7  8  9 |
---------------+----------------------------+-----
Fighting       | 4 5 |  5.0
Shields        | 4 5 |  5.0
Axes           | 3 5 7 8 9 |  9.4
Armour         | 4 5 |  5.0
Dodging        | 1 2 4 5 |  5.0
Evocations     | 1 2 4 |  4.4
Throwing       | 1 3 4 |  4.3

Action                     |  1- 3 |  4- 6 |  7- 9 || total
---------------------------+-------+-------+-------++-------
  Melee: War axe           |    61 |    85 |   196 ||   342
         Headbutt          |     6 |    14 |    38 ||    58
  Throw: Boomerang         |       |       |     2 ||     2
         Dart              |       |       |     3 ||     3
 Invoke: Sacrifice Forms   |       |       |     1 ||     1
         Sacrifice Health  |       |       |     1 ||     1
    Use: Scroll            |       |       |     5 ||     5
 Armour: Scale mail        |    42 |    63 |     6 ||   111
         Chain mail        |       |       |   164 ||   164
  Dodge: Dodged            |    18 |    37 |    93 ||   148
  Block: Buckler           |    24 |    23 |    33 ||    80
